 Dungeon Crawl Stone Soup version 0.31.0-11-ge490571c62 (webtiles) character file.

Game seed: 7226895819936736138

14 bearlyready the Ruffian (level 2, -5/18 HPs)
             Began as an Octopode Shapeshifter on Feb 4, 2024.
             Slain by a gnoll
             ... wielding a +0 spear
              (10 damage)
             ... on level 1 of the Dungeon.
             The game lasted 00:00:30 (258 turns).

bearlyready the Ruffian (Octopode Shapeshifter)      Turns: 258, Time: 00:00:30

Health: -5/18      AC:  1    Str: 13    XL:     2   Next: 45%
Magic:  2/2        EV: 13    Int: 12    God:
Gold:   0          SH:  0    Dex: 11    Spells: 1/1 levels left

rFire   . .          .
                       - Unarmed
rCold   . . .        (no shield)
rNeg    . . .        (helmet currently unavailable)
rPois   .            (no amulet)
rElec   .            (no ring)
rCorr   .            (no ring)
SInv    .            (no ring)
Will    .....        (no ring)
Stlth   ++           (no ring)
HPRegen 0.23/turn    (no ring)
MPRegen 0.08/turn    (no ring)
                     (no ring)

%: no passive effects
@: beast-form
A: beast (slay +1), almost no armour, amphibious, 8 rings, camouflage 1,
gelatinous body 1, (nimble swimmer 1), tentacles
a: Begin Untransformation


You were on level 1 of the Dungeon.
You were a hulking beast.
You visited 1 branch of the dungeon, and saw 1 of its levels.

Inventory:

Talismans
 b - a beast talisman
 c - a flux talisman
Scrolls
 e - a scroll of noise {unknown}
Potions
 a - a potion of lignification
 d - a potion of mutation {unknown}


   Skills:
 - Level 1.0 Fighting
 - Level 2.0 Dodging
 + Level 3.4 Unarmed Combat
 + Level 3.3 Shapeshifting


You had one spell level left.
You didn't know any spells.
Your spell library was empty.

Dungeon Overview and Level Annotations

Branches:
Dungeon (1/15)

Altars:


Innate Abilities, Weirdness & Mutations

You are a hulking beast.
Your limbs bulge with bestial killing power. (Slay +1)
You cannot wear most types of armour.
You are amphibious.
You can wear up to eight rings at the same time.
Your skin changes colour to match your surroundings (Stealth+).
Your rubbery body absorbs attacks. (AC +1, EV +1)
((You are camouflaged when in or above water. (Stealth+)))
You have tentacles for arms and can constrict up to eight enemies at once.


Message History

You closely miss the kobold. You grab the kobold. You constrict the kobold.
The kobold misses you.
You barely miss the kobold.
The kobold is moderately wounded.
You constrict the kobold. The kobold hits you but does no damage.
You tentacle-slap the kobold.
You kill the kobold!
Things that are here:
a +0 short sword; a kobold corpse You open the door.
A hobgoblin comes into view.
A hobgoblin is nearby!
Found 14 gold pieces.
There is an open door here.
A gnoll comes into view. It is wielding a +0 spear.
The helpless hobgoblin fails to defend itself.
You tentacle-slap the hobgoblin but do no damage.
Your grab misses the hobgoblin. You barely miss the hobgoblin.
Your grab misses the hobgoblin. The hobgoblin hits you.
You tentacle-slap the hobgoblin. Your grab misses the hobgoblin.
Your squeeze misses the hobgoblin.
The hobgoblin is moderately wounded.
The gnoll shouts!
The hobgoblin barely misses you.
You tentacle-slap the hobgoblin.
You kill the hobgoblin!
You see here a hobgoblin corpse.
The gnoll hits you with a +0 spear.
A gnoll is nearby!
A gnoll is nearby!
You are too injured to fight recklessly!
You tentacle-slap the gnoll but do no damage.
Your grab misses the gnoll. The gnoll hits you with a +0 spear.
* * * LOW HITPOINT WARNING * * *
You tentacle-slap the gnoll. Your grab misses the gnoll.
The gnoll is lightly wounded.
The gnoll hits you with a +0 spear!
Ouch! That really hurt!
You die...

#.....PPP.#
#.PPP...P.##. #
#.PP......... ## .#
##.P..P..P.#.. ..
[.# ##..P..PP.....#
###...##
#.....PPP...##.
........
+.......g..$...
.##...##
#......h...# .###.##
##....†..### .....#
##.....## ..####
##...## ..# ##'##
).######.#####.#####
.........#.........#
#.########..#..###.#
#.### ###..#...#


You could see a gnoll.

Vanquished Creatures
  6 ball pythons (D:1)
  A giant cockroach (D:1)
  A hobgoblin (D:1)
  3 kobolds (D:1)
  A bat (D:1)
  A rat (D:1)
13 creatures vanquished.

Notes
Turn   | Place    | Note
-------+----------+-------------------------------------------
     0 | D:1      | bearlyready the Octopode Shapeshifter began the quest for
                  | the Orb.
     0 | D:1      | Reached XP level 1. HP: 13/13 MP: 1/1
    26 | D:1      | Found a faded altar of an unknown god.
    37 | D:1      | Reached XP level 2. HP: 12/18 MP: 2/2
   258 | D:1      | Slain by a gnoll

Illustrated notes

Levels and vault maps discovered:
D:1:      wander_arrival_fairy_ring, layout_loops_corners,
          nicolae_ecumenical_snake_handling, nicolae_grassy_gnolls

Action                     || total
---------------------------++-------
  Melee: Unarmed           ||    26
         Constrict         ||     8
         Tentacles         ||     3
   Stab: Sleeping          ||     3
 Armour: Skin              ||    14
  Dodge: Dodged            ||    20
